 Dungeon Crawl Stone Soup version 0.11.0-9-gb634444 (webtiles) character file.

1110 malish the Ruffian (level 7, -14/70 HPs)
             Began as a Troll Berserker on Feb 9, 2013.
             Was a Priest of Trog.
             Demolished by an orc warrior
             ... wielding a +0,+1 orcish glaive
              (17 damage)
             ... on Level 6 of the Dungeon on Feb 10, 2013.
             The game lasted 00:36:28 (4044 turns).

malish the Ruffian (Troll Berserker)                Turns: 4044, Time: 00:36:28

HP -14/70        AC  6     Str 27      XL: 7   Next: 71%
MP  11/11        EV 11     Int  3      God: Trog [***...]
Gold 200         SH  0     Dex 10      Spells:  0 memorised,  6 levels left

Res.Fire  : . . .   See Invis. : .     - Unarmed
Res.Cold  : . . .   Warding    : .   z - +0 animal skin
Life Prot.: . . .   Conserve   : .   (shield restricted)
Res.Poison: .       Res.Corr.  : .   A - +0 cap
Res.Elec. : .       Clarity    : .   i - +0 cloak
Sust.Abil.: . .     Spirit.Shd : .   (gloves unavailable)
Res.Mut.  : .       Stasis     : .   (boots unavailable)
Res.Rott. : .       Ctrl.Telep.: .   (no amulet)
Gourmand  : +       Levitation : .   x - ring of protection from magic {unknown} Ctrl.Flight: .
                                     k - ring of magical power

@: regenerating, exhausted, mildly poisoned, slowed, very slow, extremely
resistant to hostile enchantments, unstealthy
A: unfitting armour, claws 3, fast metabolism 3, gourmand, regeneration 2,
saprovore 2, tough skin 2, AC +1
a: Burn Spellbooks, Berserk, Trog's Hand, Renounce Religion


You were on level 6 of the Dungeon.
You worshipped Trog.
Trog was greatly pleased with you.
You were not hungry.

You visited 2 branches of the dungeon, and saw 7 of its levels.

You collected 180 gold pieces.

Inventory:

Hand weapons
 y - a cursed -3,-3 dagger (quivered)
Armour
 i - a +0 cloak (worn)
 z - a +0 animal skin (worn)
 A - a +0 cap (worn)
Comestibles
 a - 3 meat rations
 l - an apple
 o - a lemon
 u - a pear
 v - a rambutan
 B - a snozzcumber
 E - 6 grapes
 F - 4 sultanas
Scrolls
 c - 5 scrolls of enchant weapon I {unknown}
 d - 6 scrolls of identify {unknown}
 f - 3 scrolls of blinking {unknown}
 g - 2 scrolls of remove curse {unknown}
 m - 2 scrolls of curse weapon {unknown}
 n - a scroll of fear {unknown}
 s - a scroll of curse armour {unknown}
 t - a scroll of teleportation {unknown}
 w - a scroll of random uselessness {unknown}
 C - a scroll of magic mapping {unknown}
 G - a scroll of enchant weapon II {unknown}
Jewellery
 k - a ring of magical power (left claw)
 x - a ring of protection from magic (right claw) {unknown}
Potions
 b - a potion of brilliance {unknown}
 e - 9 potions of curing
 h - 2 potions of agility {unknown}
 j - a potion of might {unknown}
 p - a potion of speed {unknown}
 q - a potion of mutation {unknown}
 r - a potion of poison
 D - a potion of restore abilities {unknown}


   Skills:
 + Level 3,9 Fighting
 + Level 5,3 Dodging
 + Level 0,8 Stealth
 + Level 0,4 Traps & Doors
 + Level 5,9 Unarmed Combat


You had 6 spell levels left.
You didn't know any spells.

Dungeon Overview and Level Annotations

Branches:
Dungeon (6/27)             Temple (1/1) D:4             Orc (0/4) D:6

Altars:
Ashenzari
Cheibriados
Elyvilon
Fedhas
Kikubaaqudgha
Makhleb
Nemelex Xobeh
Okawaru
Sif Muna
Trog
Vehumet
Xom
Yredelemnul
Zin
the Shining One

Annotations
D:6 Dowan, Duvessa, Eustachio


Innate Abilities, Weirdness & Mutations

You are too large for most types of armour.
You have claws for hands.
Your metabolism is lightning-fast.
You like to eat raw meat.
You heal very quickly.
You can eat rotten meat.
You are covered in fur (AC +1).
You have very tough skin (AC +2).


Message History

You feel better.
It was a potion of curing.
The orc priest closely misses you. The orc priest closely misses you.
The orc closely misses you. The orc barely misses you.
The orc closely misses you. The orc closely misses you.
The orc hits you but does no damage. Duvessa hits you but does no damage.
Duvessa hits you with a glowing elven short sword.
* * * LOW HITPOINT WARNING * * *
The giant gecko barely misses you.
That liquid tasted very nasty...
You are poisoned.
It was a potion of poison.
The orc closely misses you.
The orc priest invokes the aid of Beogh against you.
Something smites you!
* * * LOW HITPOINT WARNING * * *
The orc priest barely misses you.
The orc wizard gestures wildly while chanting.
The orc wizard seems to speed up.
The orc hits you with an orcish club.
* * * LOW HITPOINT WARNING * * *
The orc hits you but does no damage.
The orc warrior hits you from afar with an orcish glaive!
You die...

... .........
....5o...>.
......@......
........r5.....
#......oo......
.##....ohoeo.....
......./oooo.......
...... #.l@oo.....#
......##).eo##....#
...........o.##.. .
........))........
########>#.....#..
#.#####.# #.# .#
#####.# .. #.....#


You could see Eustachio, Duvessa (bleeding), an orc warrior, Dowan, a warg, 2
orc priests, 2 orc wizards, a white imp, 9 orcs, an ufetubus, a grey rat and a
giant gecko.

Vanquished Creatures
  The ghost of Chiseanne the Vandal, an average CeMo of Okawaru (D:3)
  An ogre (D:3)
  2 giant frogs (D:5)
  The ghost of Graywind the Digger, an average NaEE (D:4)
  2 crimson imps (D:5)
  A hound skeleton (D:4)
  2 hounds (D:5)
  2 orc priests
  2 worker ants (D:5)
  A jelly (D:5)
  10 adders
  A giant mite (D:4)
  An inept item mimic (D:3)
  A giant eyeball (D:5)
  4 giant geckos
  10 orcs
  A ball python (D:4)
  6 giant cockroaches
  11 goblins
  14 hobgoblins
  9 jackals
  7 kobolds
  2 quokkas
  4 bats (D:1)
  A hobgoblin zombie (D:6)
  An orc skeleton (D:4)
  9 rats
  A rat skeleton (D:3)
108 creatures vanquished.

Vanquished Creatures (others)
  A big fish (D:3)
1 creature vanquished.

Grand Total: 109 creatures vanquished

Notes
Turn   | Place    | Note
--------------------------------------------------------------
     0 | D:1      | malish, the Troll Berserker, began the quest for the Orb.
     0 | D:1      | Reached XP level 1. HP: 23/23 MP: 0/0
   281 | D:1      | Reached XP level 2. HP: 31/31 MP: 0/0
  1014 | D:2      | Reached XP level 3. HP: 35/39 MP: 1/1
  1210 | D:2      | Found a shattered altar of Ashenzari.
  1371 | D:2      | Saw a vision of the Shoals and the Spider Nest.
  1371 | D:2      | Noticed a merfolk
  1371 | D:2      | Noticed a mermaid
  1371 | D:2      | Noticed a mermaid
  1371 | D:2      | Noticed a merfolk
  1371 | D:2      | Noticed a centaur
  1372 | D:2      | Noticed a redback
  1379 | D:2      | Noticed a redback
  1380 | D:2      | Noticed a trapdoor spider
  1565 | D:3      | Acquired Trog's second power
  1649 | D:3      | Reached XP level 4. HP: 44/46 MP: 1/1
  1688 | D:3      | Found a white marble altar of Elyvilon.
  1690 | D:3      | Noticed Chiseanne's ghost (average CeMo)
  1719 | D:3      | Killed Chiseanne's ghost
  1719 | D:3      | Reached skill level 4 in Dodging
  1719 | D:3      | Reached XP level 5. HP: 54/54 MP: 1/1
  1914 | D:3      | Noticed an ogre
  1923 | D:3      | Killed an ogre
  1923 | D:3      | Reached XP level 6. HP: 62/62 MP: 2/2
  2185 | D:4      | Found a staircase to the Ecumenical Temple.
  2255 | Temple   | Entered the Ecumenical Temple
  2523 | D:4      | Found a bloodstained altar of Trog.
  2705 | D:4      | Noticed Graywind's ghost (average NaEE)
  2717 | D:4      | Killed Graywind's ghost
  2866 | D:4      | Reached skill level 5 in Dodging
  3070 | D:5      | Entered Level 5 of the Dungeon
  3095 | D:5      | Paralysed by a giant eyeball for 4 turns
  3100 | D:5      | Paralysed by a giant eyeball for 4 turns
  3246 | D:5      | Reached skill level 5 in Unarmed Combat
  3246 | D:5      | Reached XP level 7. HP: 51/70 MP: 2/2
  3646 | D:5      | Found a snail-covered altar of Cheibriados.
  4029 | D:6      | Noticed Dowan
  4033 | D:6      | Noticed Duvessa
  4035 | D:6      | Found a staircase to the Orcish Mines.
  4038 | D:6      | Noticed Eustachio
  4044 | D:6      | HP: 3/70 [orc/orcish club (3)]
  4044 | D:6      | Demolished by an orc warrior
